 Dungeon Crawl Stone Soup version 0.22.1-1-ga44c0e5 (webtiles) character file.

69 leisz the Shield-Bearer (level 4, 0/42 HPs)
             Began as a Deep Dwarf Fighter on Oct 5, 2018.
             Slain by Crazy Yiuf
             ... wielding a +4 quarterstaff of chaos
              (6 damage)
             ... on level 2 of the Dungeon.
             The game lasted 00:05:24 (1105 turns).

leisz the Shield-Bearer (Deep Dwarf Fighter)        Turns: 1105, Time: 00:05:25

Health: 0/42       AC:  9    Str: 20    XL:     4   Next: 2%
Magic:  3/3        EV:  4    Int:  9    God:
Gold:   125        SH:  8    Dex: 12    Spells: 3/3 levels left

rFire    . . .     SeeInvis .   a - +0 flail
rCold    . . .     Gourm    .   c - +0 shield
rNeg     . . .     Faith    +   t - +0 chain mail
rPois    .         Spirit   .   m - +0 helmet
rElec    .         Reflect  .   (no cloak)
rCorr    .         Harm     .   (no gloves)
MR       .....                  (no boots)
Stlth    ..........             r - amulet of faith
HPRegen  0.00/turn              (no ring)
MPRegen  0.08/turn              (no ring)

@: lethally poisoned (0 -> 0), non-regenerating, hasted, heavily drained, very
quick
A: damage resistance, heal wounds, sense surroundings 1, no regeneration
a: Heal Wounds


You were on level 2 of the Dungeon.
You were not hungry.

You visited 1 branch of the dungeon, and saw 2 of its levels.

You collected 125 gold pieces.

Inventory:

Hand Weapons
 a - a +0 flail (weapon)
 b - a +0 hunting sling
Missiles
 o - 68 stones (quivered)
 q - 17 sling bullets
Armour
 c - a +0 shield (worn)
 m - a +0 helmet (worn)
 t - a +0 chain mail (worn)
Jewellery
 p - an uncursed amulet of harm
 r - an amulet of faith (around neck)
Scrolls
 i - 2 scrolls of remove curse {unknown}
 j - 2 scrolls of enchant weapon {unknown}
 k - 4 scrolls of teleportation {unknown}
 s - 2 scrolls of identify {unknown}
 u - a scroll of enchant armour {unknown}
Potions
 d - a potion of might
 e - a potion of curing {unknown}
 g - a potion of resistance {unknown}
 l - 2 potions of flight {unknown}
 n - a potion of cancellation {unknown}
 v - a potion of degeneration {unknown}
Comestibles
 f - 6 rations
 h - 3 chunks of flesh


   Skills:
 + Level 3.2(1.3) Fighting
 + Level 2.7(0.8) Maces & Flails
 + Level 3.9(2.0) Armour
 + Level 3.9(2.0) Shields


You had 3 spell levels left.
You didn't know any spells.
Your spell library contained the following spells:

 Spells                   Type           Power        Failure   Level  Hunger
 Confusing Touch          Hex            #.....       100%        1    ##.....
 Confuse                  Hex            #.......     100%        3    ####...
 Gell's Gravitas          Tloc           #.........   100%        3    ####...
 Petrify                  Tmut/Erth      #.......     100%        4    #####..
 Metabolic Englaciation   Hex/Ice        #.........   100%        5    ######.
 Yara's Violent Unravell  Hex/Tmut       #.........   100%        5    ######.


Dungeon Overview and Level Annotations

Branches:
Dungeon (2/15)

Altars:

Annotations:
D:2 Crazy Yiuf


Innate Abilities, Weirdness & Mutations

You are resistant to damage.
You can heal yourself by infusing magical energy.
You passively map a small area around you.
You do not regenerate.


Message History

Crazy Yiuf hits you but does no damage.
You are poisoned.
You closely miss Crazy Yiuf.
Crazy Yiuf is almost dead.
Crazy Yiuf hits you but does no damage.
You are confused.
Crazy Yiuf hits you with a quarterstaff of chaos.
* * * LOW HITPOINT WARNING * * *
You feel drained.
You see here a mace.
Crazy Yiuf barely misses you.
You feel less confused.
Crazy Yiuf hits you with a quarterstaff of chaos.
Crazy Yiuf burns you.
You hit Crazy Yiuf.
Crazy Yiuf is almost dead.
You closely miss Crazy Yiuf.
Crazy Yiuf is almost dead.
Crazy Yiuf hits you with a quarterstaff of chaos!
You die...

...........####..#.....##.##
.>..............#.....###..#
....)..[..#######.#..##
##.## .....###### ######
#..#### ..#### ##....# .##
####.## .# ###### #####
#..... ####..+.## ###..)#
#..... # #......####.'g@.#
###รท.... #
#.......#..##...# #.......
###.#.+..#.########
######.#..... .....#######
#......#..... ######
########..... # ######


You could see Crazy Yiuf.

Vanquished Creatures
  3 adders (D:2)
  2 worms (D:2)
  2 leopard geckos
  A giant cockroach (D:2)
  8 goblins
  3 hobgoblins (D:1)
  3 quokkas (D:2)
  6 bats
  3 frilled lizards
  3 kobolds
  2 rats
36 creatures vanquished.

Notes
Turn   | Place    | Note
-------+----------+-------------------------------------------
     0 | D:1      | leisz the Deep Dwarf Fighter began the quest for the Orb.
     0 | D:1      | Reached XP level 1. HP: 20/20 MP: 1/1
   133 | D:1      | Reached XP level 2. HP: 22/27 MP: 2/2
   583 | D:2      | Reached XP level 3. HP: 23/34 MP: 3/3
   852 | D:2      | Found a runed door.
   939 | D:2      | Reached XP level 4. HP: 18/42 MP: 4/4
  1089 | D:2      | Noticed Crazy Yiuf
  1105 | D:2      | Slain by Crazy Yiuf

Skill      XL: |  1  2 |
---------------+-------+-----
Fighting       | 3 |  3.2
Maces & Flails | |  2.7
Armour         | |  3.9
Shields        | |  3.9

Action                   |  1- 3 |  4- 6 || total
-------------------------+-------+-------++-------
Melee: Flail             |   139 |    11 ||   150
 Fire: Hunting sling     |    17 |       ||    17
Throw: Stone             |     1 |       ||     1
 Abil: Heal Wounds       |       |     1 ||     1
  Eat: Chunk             |       |     1 ||     1
Armor: Scale mail        |    70 |       ||    70
       Chain mail        |    31 |     2 ||    33
Dodge: Dodged            |    52 |     1 ||    53
Block: Shield            |    94 |     3 ||    97
